Workbook
Name _____LO25: #REF!
Name ____LO25: #REF!
Name ___LO25: #REF!
Name __LO25: #REF!
Name _LO25: #REF!
Name AbaDeprec: Depreciação!$A$1
Name AbaRemun: #REF!
Name sesi: #REF!
Name sesi: #REF!

Sheet Resumo 
A1: LICITAÇÃO MODALIDADE ____________________ /2026
A2: RESUMO DAS LINHAS COM AS RESPECTIVAS ROTAS
A3: ='Linha Hemodiálise'!A3:H3 -> Serviço de Transporte de Saúde - Paraí/RS
A4: Planilha de Composição de Custos
A7: Resumo da Linha
A8: Tipo | B8: Linha | C8: Pacientes | D8: Kms dia | E8: Dias/Mês | F8: Kms mês | G8: Custo Mês | H8: Custo KM | I8: Custo ano | J8: % s/total | K8: Custo aluno/ano
A9: Pacientes Saúde | B9: Nova Prata | C9: ='Linha Hemodiálise'!G8 -> 4 | D9: ='Linha Hemodiálise'!G10 -> 72.6 | E9: ='Linha Hemodiálise'!G22 -> 13 | F9: =D9*E9 -> 943.8 | G9: ='Linha Hemodiálise'!H61 -> 5440.7367 | H9: =G9/F9 -> 5.7647136 | I9: =G9*12 -> 65288.841 | J9: =I9/$I$11 -> 1 | K9: =#REF!/#REF! -> #REF!
A11: Total | C11: =SUM(C9:C9) -> 4 | D11: =SUM(D9:D9) -> 72.6 | E11: =SUM(E9:E10) -> 13 | F11: =SUM(F9:F10) -> 943.8 | G11: =SUM(G9:G9) -> 5440.7367 | H11: =G11/F11 -> 5.7647136 | I11: =SUM(I9:I10) -> 65288.841 | J11: =I11/$I$11 -> 1 | K11: =I11/C11 -> 16322.21
A13: Paraí, 27 de maio de 2026
A23: ECZ, Assessoria, Consultoria e Treinamento Ltda

Sheet Linha Hemodiálise
A1: PREGÃO PRESENCIAL /2026
A2: ITINERÁRIO - Linha Transporte Pacientes de Hemodiálise
A3: Serviço de Transporte de Saúde - Paraí/RS
A4: Planilha de Composição de Custos
A6: PARAMÊTROS PARA CÁLCULO DE CUSTO DO ITINERÁRIO
A7: TURNO | B7: Manhã | D7: Tarde | G7: TOTAL
A8: Pacientes | B8: 4 | G8: =SUM(B8:F8) -> 4
A9: Km pavimentado | G9: 0
A10: Kms percorridos por dia (Média) | B10: 72.6 | G10: =SUM(B10:F10) -> 72.6
A11: Km total | G11: =G10+G9 -> 72.6
A12: Tempo conduzindo o veículo | B12: =B13/24 -> 0.075625 | G12: Total horas
A13: Horas p/base de cálculo de custos | B13: =G10/40 -> 1.815 | G13: =SUM(B13:F13) -> 1.815
A14: Tempo de espera (3:00 horas) | G14: 3
A15: Tempo total (horas) | G15: =(G14+G13) -> 4.815
A16: R$ seguro / paciente /mês | G16: =B41/12/(G8/2) -> 104.16667
A17: Veículo | B17: Veículo no mínimo de 05 lugares
A18: Veículo no máximo 07 anos de uso - Base Tabela FIPE | G18: 100000
A19: 1.1 Combustível R$/litro conforme tabela ANP | G19: 6.72
A20: Total de Kms/litro previsão de consumo | G20: 8
A21: 1.2 Custo de manutenção e insumos por km rodado | G21: 0.45
A22: Média de dias/mês | G22: 13
A23: Previsão de kms/mês | G23: =G22*G11 -> 943.8
A25: 1- CUSTO VARIÁVEL | B25: Valor R$ | D25: 1.3 Pneus
A26: 1.1 Combustível | B26: =(G22*G11*G19)/G20 -> 792.792 | D26: Discriminação | E26: Unidade | F26: Quantidade | G26: Custo unitário | H26: Subtotal
A27: 1.2 Manutenção e insumos | B27: =G21*G23 -> 424.71 | D27: Custo do jogo de pneus | E27: unidade | F27: 4 | G27: 800 | H27: =F27*G27 -> 3200
A28: =D25 -> 1.3 Pneus | B28: =H31 -> 70.110857 | D28: Nº de recapagens por pneu | E28: unidade | F28: 2
D29: Custo de recapagem | E29: unidade | F29: =F27*F28 -> 8 | G29: 250 | H29: =F29*G29 -> 2000
A30: TOTAL (Comb + Manut) | B30: =SUM(B26:B29) -> 1287.6129 | D30: Custo jg. compl. + 2 recap./ km rodado | E30: km/jogo | F30: 70000 | G30: =H27+H29 -> 5200 | H30: =IFERROR(G30/F30,"-") -> 0.074285714
D31: Custo mensal com pneus | E31: km | F31: =G23 -> 943.8 | G31: =H30 -> 0.074285714 | H31: =IFERROR(F31*G31,0) -> 70.110857
A33: 2 - TOTAL CUSTO FIXO MENSAL
A34: CUSTO CAP INVESTIDO ANO (10%) | B34: =G46*0.1 -> 10000 | D34: SALÁRIO | E34: % Encargos | F34: Custo Mensal | G34: Meses | H34: TOTAL
A35: SEGURO OBRIGATÓRIO ANUAL | B35: 0 | D35: 2751.48 | E35: ='Encargos Sociais'!C38 -> 0.3769166 | F35: =(D35*E35)+D35 -> 3788.5585 | G35: 12 | H35: =F35*G35 -> 45462.702 | I35: Motorista
A36: LICENCIAMENTO ANUAL | B36: 109.27 | D36: Vale Refeição R$ | E36: Dias Mês | F36: Custo Mensal | G36: Meses | H36: TOTAL
D37: 33.58 | E37: 21 | F37: =D37*E37 -> 705.18 | G37: 12 | H37: =F37*G37 -> 8462.16
D38: Cesta Básica | E38: Funcionários | F38: Custo Mensal | G38: Meses | H38: TOTAL
D39: =344.5*0.8 -> 275.6 | E39: 1 | F39: =D39*E39 -> 275.6 | G39: 12 | H39: =F39*G39 -> 3307.2
A40: DEPRECIAÇÃO ANUAL | B40: =H50 -> 8612.8571 | D40: Plano de Saúde | E40: Funcionários | F40: Custo Mensal | G40: Meses | H40: TOTAL
A41: SEGURO TERCEIROS/ANO | B41: 2500 | D41: =270.91*0.8 -> 216.728 | E41: 1 | F41: =D41*E41 -> 216.728 | G41: 12 | H41: =F41*G41 -> 2600.736
A42: QUANT. DE MOTORISTAS | B42: 1 | D42: Custo Anual por motorista | H42: =H35+H37+H41+H39 -> 59832.798
A43: MOTORISTA CUSTO ANUAL | B43: =H42*B42 -> 59832.798
A44: TOTAL CUSTO FIXO ANO | B44: =SUM(B34:B41)+B43 -> 81054.925 | D44: Depreciação
A45: 2.1 TOTAL CUSTO FIXO MENSAL | B45: =B44/12*B46 -> 2956.6626 | D45: Discriminação | E45: Unidade | F45: Quantidade | G45: Custo unitário | H45: Subtotal
A46: TAXA USO VEÍCULO | B46: =(G15*4)/44 -> 0.43772727 | D46: Custo chassis | E46: unidade | F46: 1 | G46: =G18 -> 100000 | H46: =F46*G46 -> 100000
D47: Vida útil do chassis | E47: anos | F47: 7
D48: Idade do veículo | E48: anos | F48: 0
D49: Deprec. do chassis | E49: % | F49: =Depreciação!B9 -> 60.29 | G49: =H46 -> 100000 | H49: =F49*G49/100 -> 60290
D50: Deprec. mensal | E50: mês | F50: =F47*12 -> 84 | G50: =IF(F48<=F47,H49,0) -> 60290 | H50: =IFERROR(G50/F50,0)*12 -> 8612.8571
A52: 3- CUSTO TOTAL MENSAL COM DESPESAS OPERACIONAIS | H52: =($B$45+$B$30) -> 4244.2755
A54: 4- BENEFÍCIOS E DESPESAS INDIRETAS
A55: Discriminação | B55: Unidade | D55: Quantidade | E55: Custo unitário | F55: Subtotal | G55: Total (R$)
A56: Benefícios e despesas indiretas | B56: % | D56: =BDI!C21 -> 0.2819 | E56: =H52 -> 4244.2755 | F56: =D56*E56/1 -> 1196.4613
A57: Base para cálculo dos benefícios e despesas indiretas sobre total | G57: =+F56 -> 1196.4613
A59: CUSTO MENSAL COM BDI | H59: =G57 -> 1196.4613
A61: 5- PREÇO MENSAL TOTAL COM O TRANSPORTE | H61: =H52+H59 -> 5440.7367
A63: PREÇO MÁXIMO POR QUILÔMETRO RODADO | H63: =H61/(G11*G22) -> 5.7647136
A65: Orçamento Sintético
A66: Descrição do Item | F66: Custo (R$/mês) | G66: %
A67: =A25 -> 1- CUSTO VARIÁVEL | F67: =SUM(F68:F70) -> 1287.6129 | G67: =F67/$F$76 -> 0.23666149
A68: =A26 -> 1.1 Combustível | F68: =B26 -> 792.792 | G68: =F68/$F$76 -> 0.14571409
A69: =A27 -> 1.2 Manutenção e insumos | F69: =B27 -> 424.71 | G69: =F69/$F$76 -> 0.07806112
A70: =A28 -> 1.3 Pneus | F70: =B28 -> 70.110857 | G70: =F70/$F$76 -> 0.01288628
A71: =A33 -> 2 - TOTAL CUSTO FIXO MENSAL | F71: =SUM(F72) -> 2956.6626 | G71: =F71/$F$76 -> 0.54343056
A72: =A45 -> 2.1 TOTAL CUSTO FIXO MENSAL | F72: =B45 -> 2956.6626 | G72: =F72/$F$76 -> 0.54343056
A73: =A52 -> 3- CUSTO TOTAL MENSAL COM DESPESAS OPERACIONAIS | F73: =F67+F71 -> 4244.2755 | G73: =F73/$F$76 -> 0.78009205
A74: =A54 -> 4- BENEFÍCIOS E DESPESAS INDIRETAS | F74: =H59 -> 1196.4613 | G74: =F74/$F$76 -> 0.21990795
A76: =A61 -> 5- PREÇO MENSAL TOTAL COM O TRANSPORTE | F76: =F73+F74 -> 5440.7367 | G76: =G73+G74 -> 1
A78: Km total/dia | G78: =G11 -> 72.6
A79: Média de dias no mês | G79: =G22 -> 13
A80: km total/mês | G80: =G78*G79 -> 943.8
A81: Custo por quilômetro rodado | G81: =F76/G80 -> 5.7647136
A83: Itinerário Nova Araçá até Nova Prata
A84: a) Trajeto - Conforme Termo de Referência
A85: b) Percurso de: | B85: =G11 -> 72.6 | D85: quilômetros diários;
A86: c) Turno – manhã e tarde
A87: d) Valor máximo por quilômetro rodado | D87: =H63 -> 5.7647136
A89: Memória de cálculo dos custos de transportes
A91: > Número de pacientes - determinado conforme arquivo em Anexo
A92: > Turno - determinado pela Secretaria de Saúde, conforme pacientes.
A93: > Distância percorrida da rota - determinado conforme arquivo em Anexo
A94: > Tempo conduzindo o veículo - se refere ao tempo entre o início do roteiro até a chegada e o retorno.
A95: > Tempo total de horas - é o somatório do tempo conduzindo o veículo mais o tempo de espera.
A96: > Veículo - tipo passeio | B96: =B17 -> Veículo no mínimo de 05 lugares
A97: > Valor do veículo - Determinado pelo valor da FIPE de um veículo com idade média.
A98: > Idade dos veículos - | B98: =A18 -> Veículo no máximo 07 anos de uso - Base Tabela FIPE
A99: > Combustível - conforme determinado no manual do fabricante e da definição do veículo a ser utilizado
A100: > Preço por litro do combustível - conforme preço médio determinado pela ANP.
A101: > Km/litro - foi determinado a média de | C101: =G20 -> 8 | D101: km/litro, conforme pesquisa de mercado (considerado 2/3 sobre a
A102: média de previsão, em virtude de paradas para embarque e desembarque de pacientes e também por ser
A103: parte das vias sem pavimentação.
A104: > Custo de manutenção - considerado o custo por km/rodado pela média de mercado.
A105: > Custo de pneus - considerado o custo por km/rodado pela média de mercado com 02 recapagens.
A106: > Média de dias/mês = total de dias no ano dividido por 12 meses (período de trabalho)
A107: > Custo do Capital Investido - determinado pelo valor do veículo multiplicado pela Taxa Selic atual.
A108: > Seguro Obrigatório - Valor apurado conforme pesquisa junto ao Detran/RS.
A109: > Licenciamento - Valor apurado conforme pesquisa junto ao Detran/RS.
A110: > Depreciação anual - Considerando que uma vida útil de 07 anos, conforme referencial
A111: > Seguro de Terceiros/pacientes ano - Conforme orçamento solicitado junto ao mercado. Valor de cobertura
A112: total deve ser de no mínimo de 200 mil reais.
A113: > Custo do motorista - Foi determinado conforme tempo conduzindo o veículo nas rotas, bem como do tempo de
... A130: quilometragem média percorrida no mês.
...

Sheet Encargos Sociais
A1: Orientações para preenchimento:
A2: 1. Preencha previamente os dados de entrada na planilha
A4: O TCE/RS não se responsabiliza pelo uso incorreto desta planilha.
A5: O orçamento deve ser realizado por responsável técnico habilitado e
A6: é de responsabilidade do seu autor.
A8: 2. Composição dos Encargos Sociais
A9: Código | B9: Descrição | C9: Valor
A10: A1 | B10: INSS
A11: A2 | B11: SESI
A12: A3 | B12: SENAI
A13: A4 | B13: INCRA
A14: A5 | B14: SEBRAE
A15: A6 | B15: Salário educação
A16: A7 | B16: Seguro contra acidentes de trabalho
A17: A8 | B17: FGTS | C17: 0.08
A18: A | B18: SOMA GRUPO A | C18: =SUM(C10:C17) -> 0.08
A20: B1 | B20: Férias gozadas | C20: 0.0657
A21: B2 | B21: 13º salário | C21: 0.0833
A22: B3 | B22: Licença Paternidade | C22: 0.0006
A23: B4 | B23: Faltas justificadas | C23: 0.0082
A24: B5 | B24: Auxilio acidente de trabalho | C24: 0.0031
A25: B6 | B25: Auxilio doença | C25: 0.0166
A26: B | B26: SOMA GRUPO B | C26: =SUM(C20:C25) -> 0.1775
A28: C1 | B28: Aviso prévio indenizado | C28: 0.029
A29: C2 | B29: Férias indenizadas | C29: 0.0454
A30: C3 | B30: Férias indenizadas s/ aviso previo inden. | C30: =C28*C29 -> 0.0013166
A31: C4 | B31: Depósito rescisão sem justa causa | C31: 0.0252
A32: C5 | B32: Indenização adicional | C32: 0.002
A33: C | B33: SOMA GRUPO C | C33: =SUM(C28:C32) -> 0.1029166
A35: D1 | B35: Reincidência de Grupo A sobre Grupo B | C35: =ROUND(C18*C26,4) -> 0.0142
A36: D2 | B36: Reincidência de FGTS sobre aviso prévio indenizado | C36: =ROUND((C28*C17),4) -> 0.0023
A37: D | B37: SOMA GRUPO D | C37: =SUM(C35:C36) -> 0.0165
B38: SOMA (A+B+C+D) | C38: =C37+C33+C26+C18 -> 0.3769166

Sheet BDI
A1: Orientações para preenchimento:
A2: 1. Esta planilha é somente um modelo-base e deve ser ajustada conforme cada caso concreto.
A3: 2. Preencher somente células em amarelo
A5: O TCE/RS não se responsabiliza pelo uso incorreto desta planilha.
A6: O orçamento deve ser realizado por responsável técnico habilitado e é
A7: de responsabilidade do seu autor.
A9: Composição do BDI - Benefícios e Despesas Indiretas
D11: Referência estudo TCE
D12: 1° Quartil | E12: Médio | F12: 3° Quartil
A13: Administração Central | B13: AC | C13: 0.06 | D13: 0.0297 | E13: 0.0508 | F13: 0.0627
A14: Seguros/Riscos/Garantias | B14: SRG | C14: 0.0133 | D14: =0.3%+0.56% -> 0.0086 | E14: =0.48%+0.85% -> 0.0133 | F14: =0.82%+0.89% -> 0.0171
A15: Lucro | B15: L | C15: 0.12 | D15: 0.0778 | E15: 0.1085 | F15: 0.1355
A16: Despesas Financeiras | B16: DF | C16: =(1+E16)^(E17/252)-1 -> 0.0024278956 | D16: i | E16: 0.13
A17: Tributos - ISS/ICMS | B17: T | C17: 0.02 | D17: DU | E17: 5
A18: Tributos - PIS/COFINS/CPP | C18: 0.04
A19: Fórmula para o cálculo do BDI:
A20: {[(1+AC+SRG) x (1+L) x (1+DF)] / (1-T)} -1
A21: Resultado do cálculo do BDI: | C21: =ROUND((((1+C13+C14)*(1+C15)*(1+C16))/(1-(C17+C18))-1),4) -> 0.2819 | D21: 0.2143 | E21: 0.2717 | F21: 0.3362
A23: Obs: Cada empresa deve prever os Benefícios e Despesas Indiretas de acordo com
A24: a sua natureza jurídica.

Sheet Depreciação
A1: 5. Depreciação Referencial TCE/RS (%)
A2: Idade do veículo (ano) | B2: Depreciação Média
A3: 1 | B3: 33.63
A4: 2 | B4: 43.13
A5: 3 | B5: 48.68
A6: 4 | B6: 52.62
A7: 5 | B7: 55.68
A8: 6 | B8: 58.18
A9: 7 | B9: 60.29
A10: 8 | B10: 62.12
A11: 9 | B11: 63.73
A12: 10 | B12: 65.18
A13: 11 | B13: 66.48
A14: 12 | B14: 67.67
... A17: 15 | B17: 70.73
